 Dungeon Crawl Stone Soup version 0.27.1-33-g824d729ab1 (webtiles) character file.

Game seed: 14190849367690490235

305 MisterFreud the Fighter (level 6, -4/61 HPs)
             Began as a Minotaur Abyssal Knight on Dec 29, 2021.
             Was a Priest of Lugonu.
             Slain by Duvessa (14 damage)
             ... on level 3 of the Dungeon.
             The game lasted 00:03:12 (3054 turns).

MisterFreud the Fighter (Minotaur Abyssal Knight)   Turns: 3054, Time: 00:03:13

Health: -4/61      AC: 12    Str: 19    XL:     6   Next: 16%
Magic:  15/15      EV:  6    Int:  9    God:    Lugonu [***...]
Gold:   188        SH:  0    Dex:  9    Spells: 5/5 levels left

rFire    . . .     SeeInvis .   a - +1 falchion
rCold    . . .     Faith    .   (no shield)
rNeg     . . .     Spirit   .   m - +0 plate armour
rPois    .         Reflect  .   (helmet restricted)
rElec    .         Harm     .   j - +0 cloak
rCorr    .         Rampage  .   (no gloves)
Will     .....                  (no boots)
Stlth    ..........             (no amulet)
HPRegen  0.20/turn              f - ring of magical power
MPRegen  0.14/turn              h - ring of flight

@: lethally poisoned (-4 -> -14), flying
A: horns 2, retaliatory headbutt
a: Renounce Religion, Depart the Abyss, Bend Space, Banish


You were on level 3 of the Dungeon.
You worshipped Lugonu.
Lugonu was most pleased with you.
You visited 1 branch of the dungeon, and saw 4 of its levels.
You visited the Abyss 1 time.

You collected 188 gold pieces.

Inventory:

Hand Weapons
 a - a +1 falchion (weapon)
Missiles
 e - 20 poisoned darts
Armour
 g - a +0 ring mail
 j - a +0 cloak (worn)
 m - a +0 plate armour (worn)
Jewellery
 f - a ring of magical power (left hand)
 h - a ring of flight (right hand)
Wands
 k - a wand of paralysis (8)
Scrolls
 d - 2 scrolls of teleportation
 i - a scroll of magic mapping {unknown}
 l - a scroll of fear {unknown}
Potions
 b - a potion of mutation {unknown}
 c - 2 potions of curing {unknown}


   Skills:
 - Level 8.0 Fighting
 - Level 2.4 Long Blades
 + Level 3.5 Armour
 - Level 1.1 Dodging
 - Level 1.7 Invocations


You had 5 spell levels left.
You didn't know any spells.
Your spell library contained the following spells:

 Spells                   Type           Power      Damage    Failure   Level
 Corona                   Hex            0%         N/A       100%        1
 Foxfire                  Conj/Fire      0%         2x1d4     100%        1
 Freeze                   Ice            0%         1d3       100%        1
 Corpse Rot               Necr/Air       N/A        N/A       100%        2
 Ensorcelled Hibernation  Hex/Ice        0%         N/A       100%        2
 Poisonous Vapours        Pois/Air       0%         N/A       100%        2
 Conjure Flame            Conj/Fire      0%         6-21      100%        3
 Frozen Ramparts          Ice            0%         1d2       100%        3
 Inner Flame              Hex/Fire       0%         N/A       100%        3
 Tukima's Dance           Hex            0%         N/A       100%        3
 Hailstorm                Conj/Ice       0%         3d3       100%        4
 Freezing Cloud           Conj/Ice/Air   0%         6-21      100%        5


Dungeon Overview and Level Annotations

Branches:
Dungeon (4/15)
 Temple: D:4-7

Altars:

Annotations:
D:3 Duvessa


Innate Abilities, Weirdness & Mutations

You have a pair of horns on your head.
You reflexively headbutt those who attack you in melee.


Message History

Dowan is heavily wounded.
Dowan casts a spell at you. The puff of flame hits you.
You slash Dowan!
Dowan is almost dead.
A hound skeleton comes into view.
Dowan hits you but does no damage.
You hit Dowan.
You kill Dowan!
Lugonu accepts your kill.
Duvessa weeps, then rights herself and shakes her weapon.
Duvessa goes berserk!
Your Armour skill increases to level 3!
You have reached level 6!
Your experience leads to an increase in your attributes!
Increase (S)trength, (I)ntelligence, or (D)exterity?
You feel stronger.
There is a stone staircase leading up here.
Duvessa hits you with a +0 short sword of venom!
You are poisoned.
You fly upwards.
You feel extremely sick.
There is a stone staircase leading down here.
You feel very sick.
Duvessa hits you with a +0 short sword of venom.
You see here a worm corpse.
You feel very sick.
Duvessa rages.
You feel sick.
Duvessa rages.
Duvessa hits you with a +0 short sword of venom!
You feel sick.
You feel sick. Duvessa hits you but does no damage.
You are lethally poisoned!
* * * LOW HITPOINT WARNING * * *
You feel very sick.
* * * LOW HITPOINT WARNING * * *
You feel very sick.
Duvessa hits you with a +0 short sword of venom!
You die...

#....# .....# #...##
...##### ##
..^....####### #######
#. ..####...>†..#
#.....# #. ###
#######.### #.....# #.
### #..[#######
#.....###. ..#
###.e@....###........†
..#
#######........<###.
..# #####.....# #. ###
#.....# ## #.....#
#.....# #######


You could see Duvessa (berserk).

Vanquished Creatures
  Dowan (D:4)
  Jessica (D:2)
  3 adders
  12 gnolls
  A worm (D:3)
  4 dart slugs
  6 ball pythons
  7 endoplasms
  5 giant cockroaches
  10 goblins
  3 hobgoblins
  2 jackals (D:2)
  2 quokkas
  5 bats
  5 frilled lizards
  7 kobolds
  6 rats
80 creatures vanquished.

Notes
Turn   | Place    | Note
-------+----------+-------------------------------------------
     0 | Abyss:1  | MisterFreud the Minotaur Abyssal Knight began the quest for
                  | the Orb.
     0 | Abyss:1  | Reached XP level 1. HP: 19/19 MP: 1/1
    16 | D:1      | Escaped the Abyss
    53 | D:1      | Reached skill level 4 in Fighting
   440 | D:1      | Reached XP level 2. HP: 24/28 MP: 2/2
   539 | D:1      | Found a faded altar of an unknown god.
   745 | D:1      | Reached ** piety under Lugonu
   747 | D:1      | Reached skill level 5 in Fighting
   838 | D:1      | Reached XP level 3. HP: 36/36 MP: 3/3
  1169 | D:2      | Reached skill level 6 in Fighting
  1169 | D:2      | Reached XP level 4. HP: 41/44 MP: 4/4
  1494 | D:2      | Noticed Jessica
  1501 | D:2      | Killed Jessica
  1753 | D:2      | Reached XP level 5. HP: 49/51 MP: 5/5
  2010 | D:2      | Reached skill level 7 in Fighting
  2256 | D:3      | Reached *** piety under Lugonu
  2577 | D:3      | Reached skill level 8 in Fighting
  2933 | D:4      | Noticed Dowan
  3038 | D:4      | Noticed Duvessa
  3042 | D:4      | Killed Dowan
  3043 | D:4      | Reached XP level 6. HP: 59/61 MP: 6/6
  3054 | D:3      | Slain by Duvessa

Illustrated notes

Levels and vault maps discovered:
D:1:      minmay_arrival_hallway, layout_basic,
          ebering_ecumenical_altar_petrified
D:2:      layout_basic, cheibrodos_gnoll_hut, uniq_jessica
D:3:      layout_rooms
D:4:      layout_rooms, ebering_ghost_sewer_d, kennysheep_small_spiral,
          uniq_pikel, uniq_duvessa

Skill      XL: |  1  2  3  4  5 |
---------------+----------------+-----
Fighting       | 4 5 6 8 |  8.0
Armour         | 3 |  3.5
Long Blades    | |  2.4
Dodging        | |  1.1
Invocations    | |  1.7

Action                   |  1- 3 |  4- 6 || total
-------------------------+-------+-------++-------
Melee: Falchion          |    57 |    99 ||   156
       Headbutt          |     9 |    18 ||    27
  Use: Scroll            |       |     1 ||     1
Armor: Leather armour    |    16 |       ||    16
       Ring mail         |     9 |    23 ||    32
       Plate armour      |       |     6 ||     6
Dodge: Dodged            |    46 |    56 ||   102
       Rpst.: Falchion   |    11 |    19 ||    30
